Map: Triton LE

Players

Silky - Winner!

  • Race: Zerg Zerg
  • Spawn Location: 11:00

Dolan

  • Race: Terran Terran
  • Spawn Location: 5:00

VOD

Have the link to the VOD?

Description

Time

  • Played on: Sept. 6, 2019, 1:55 p.m.
  • Length: 3:27
Show
View Real Time Build Order
Export as new Build Order

Silky Zerg - Winner!

Build Orders: Hatch First 

Get SALT Encoding   

  12  0:00  Drone  
  13  0:12  Overlord  
  13  0:17  Drone  
  14  0:32  Drone x2  
  16  0:49  Hatchery  
  15  0:51  Drone  
  15  0:55  Drone  
  17  1:00  Drone  
  18  1:21  Spawning Pool  
  18  1:22  Drone  
  18  1:34  Drone x2  
  18  1:35  Extractor  
  19  1:49  Overlord  
  19  2:08  Queen x2  
  19  2:09  Zergling x2  
  19  2:11  Zergling x2  
  19  2:14  Zergling x2  
  26  2:20  Zergling x2  
  26  2:22  Zergling x2  
  27  2:25  Zergling x2  
  27  2:28  Zergling x2  
  29  2:35  Zergling x4  
  26  2:57  Drone  
  26  2:58  Drone  
  26  3:09  Zergling x2  
  29  3:13  Drone  
Show
View Real Time Build Order
Export as new Build Order

Dolan Terran 

Build Orders:  

Get SALT Encoding   

  12  0:01  SCV  
  13  0:13  SCV  
  14  0:18  Supply Depot  
  14  0:40  Barracks  
  14  0:51  Barracks  
  14  1:02  Barracks  
  14  1:08  SCV  
  15  1:28  Marine  
  15  1:42  SCV  
  15  1:46  Marine  
  17  1:57  Marine  
  17  2:01  Marine  
  18  2:03  Marine  
  20  2:10  Bunker  
  20  2:23  Marine  
  20  2:28  Marine  
  22  2:33  Marine  
  23  2:44  Marine  
  20  2:57  Marine x2  
  14  3:02  Marine  
Tags
 
Matchup
TvZ
Spawn Locations
Cross Positions
Add a new tag
Caveats
  • Supply blocks, unpowered buildings, or Contaminate may cause inaccurate times.
  • Supply counts are checked every 10 seconds.